Map: Pylon LE

Players

Astrea - Winner!

  • Race: Protoss Protoss
  • Spawn Location: 11:00

HeroMarine

  • Race: Terran Terran
  • Spawn Location: 5:00

Event: Esports World Cup 2025

VOD

Have the link to the VOD?

Description

Time

  • Played on: July 22, 2025, 7:49 a.m.
  • Length: 9:20

All games in this series

Show
View Real Time Build Order
Export as new Build Order

Astrea Protoss - Winner!

Build Orders: 1 Gate Expand, Phoenix Opening, Blink Stalkers 

Get SALT Encoding   

  12  0:00  Probe  
  13  0:12  Probe  
  14  0:16  Pylon  
  14  0:23  Probe  
  15  0:31  Probe  
  16  0:35  Gateway  
  16  0:39  Probe  
  16  0:44  Assimilator  
  17  0:51  Probe  
  18  1:03  Probe  
  19  1:15  Probe  
  20  1:22  Nexus  
  20  1:30  Cybernetics Core  
  20  1:33  Probe  
  21  1:41  Assimilator  
  21  1:45  Probe  
  22  1:48  Pylon  
  22  1:55  Stalker  
  22  1:57  Probe  
  23  2:06  Warp Gate  
  25  2:09  Probe  
  25  2:12  Pylon  
  26  2:20  Stalker  
  26  2:22  Probe  
  29  2:34  Probe x2  
  31  2:38  Twilight Council  
  31  2:45  Shield Battery  
  31  2:49  Stalker  
  32  2:54  Probe  
  32  2:55  Blink  
  32  2:56  Probe  
  35  3:06  Probe  
  35  3:08  Probe  
  37  3:18  Probe  
  38  3:23  Gateway, Probe  
  39  3:27  Sentry  
  39  3:28  Phoenix  
  39  3:30  Probe  
  42  3:35  Pylon, Probe  
  43  3:42  Probe  
  43  3:46  Robotics Facility  
  43  3:48  Probe  
  45  3:54  Probe  
  46  3:58  Stalker  
  46  4:00  Probe  
  49  4:03  Pylon  
  49  4:04  Assimilator  
  49  4:06  Probe  
  50  4:12  Probe  
  50  4:15  Pylon  
  51  4:18  Probe  
  51  4:19  Stalker  
  51  4:23  Stalker  
  57  4:24  Probe  
  57  4:30  Probe  
  58  4:36  Probe  
  59  4:44  Observer  
  61  4:49  Probe x2, Stalker x2  
  66  4:53  Pylon  
  66  4:54  Nexus  
  66  4:59  Assimilator  
  66  5:01  Probe  
  66  5:04  Immortal, Probe  
  66  5:06  Pylon  
  68  5:09  Shield Battery  
  68  5:10  Observer  
  68  5:13  Probe  
  73  5:15  Zealot x2  
  73  5:19  Observer  
  73  5:21  Pylon  
  77  5:22  Probe  
  77  5:24  Charge  
  78  5:37  Probe  
  78  5:39  Probe  
  78  5:41  Stalker x2  
  84  5:47  Robotics Bay  
  84  5:49  Probe  
  81  5:51  Probe  
  80  6:01  Probe  
  80  6:03  Probe  
  80  6:04  Forge x2  
  82  6:05  Stalker x2  
  82  6:06  Probe  
  87  6:13  Probe  
  87  6:15  Probe  
  89  6:18  Probe  
  89  6:22  Colossus  
  89  6:25  Probe  
  91  6:27  Probe  
  91  6:30  Pylon, Probe  
  93  6:33  Stalker  
  93  6:35  Protoss Ground Weapons Level 1, Stalker  
  93  6:37  Probe  
  95  6:40  Protoss Ground Armor Level 1  
  95  6:43  Probe  
  95  6:45  Observer, Probe  
  104  7:00  Gateway, Extended Thermal Lance  
  104  7:01  Gateway  
  103  7:03  Gateway  
  103  7:04  Pylon  
  103  7:05  Colossus  
  103  7:06  Zealot x2  
  107  7:16  Pylon  
  107  7:17  Gateway, Pylon  
  113  7:29  Pylon, Stalker x2  
  116  7:31  Shield Battery  
  116  7:39  Gateway  
  116  7:40  Gateway  
  116  7:43  Colossus  
  116  7:52  Probe  
  117  7:58  Zealot x5  
  131  8:09  Probe  
  128  8:15  Zealot  
  128  8:17  Pylon  
  128  8:18  Pylon  
  128  8:19  Stalker x5  
  138  8:20  Pylon  
  138  8:25  Shield Battery  
  138  8:26  Shield Battery  
  137  8:35  Sentry, Zealot  
  137  8:36  Zealot  
  148  8:41  Pylon  
  148  8:43  Zealot x4  
  156  8:51  Pylon  
  156  8:54  Pylon x2  
  156  8:56  Pylon  
  156  8:57  Zealot x2  
  156  8:59  Zealot  
  162  9:05  Zealot x3  
  136  9:10  Stalker  
Show
View Real Time Build Order
Export as new Build Order

HeroMarine Terran 

Build Orders:  

Get SALT Encoding   

  12  0:00  SCV  
  13  0:12  SCV  
  14  0:16  Supply Depot  
  14  0:24  SCV  
  15  0:38  SCV  
  15  0:39  Barracks  
  15  0:42  Refinery  
  16  0:50  SCV  
  16  0:52  Refinery  
  17  1:02  SCV  
  18  1:14  SCV  
  19  1:26  Orbital Command, Reaper  
  20  1:39  Supply Depot  
  20  1:41  Factory  
  20  1:52  SCV  
  21  1:58  Reaper  
  22  2:04  SCV  
  23  2:15  Command Center  
  23  2:19  SCV  
  24  2:24  Hellion  
  26  2:31  SCV  
  27  2:38  Supply Depot  
  27  2:40  Barracks Reactor  
  27  2:43  SCV  
  28  2:47  Factory Tech Lab  
  28  2:49  Starport  
  28  2:55  SCV  
  29  3:07  SCV  
  29  3:10  Cyclone  
  33  3:16  Marine  
  33  3:17  Marine  
  33  3:19  SCV  
  35  3:25  Medivac  
  37  3:28  Orbital Command  
  37  3:31  SCV  
  38  3:34  Marine x2  
  38  3:41  Supply Depot  
  40  3:44  SCV  
  40  3:47  Siege Tank  
  44  3:54  Marine x2  
  46  3:56  SCV  
  46  3:58  SCV  
  48  4:08  Supply Depot, SCV  
  49  4:10  SCV  
  49  4:12  Marine  
  51  4:19  Marine, Siege Tank  
  51  4:20  SCV  
  51  4:22  SCV  
  51  4:23  Supply Depot  
  57  4:30  Marine  
  58  4:32  SCV  
  58  4:34  SCV  
  58  4:37  Marine, Liberator  
  64  4:44  SCV  
  64  4:45  Barracks  
  63  4:46  SCV  
  63  4:47  Marine  
  63  4:48  Supply Depot  
  65  4:54  Siege Tank  
  65  4:56  SCV  
  65  4:59  SCV  
  70  5:01  Barracks, Marine  
  70  5:03  Refinery  
  70  5:05  Marine  
  72  5:08  SCV  
  72  5:11  SCV  
  73  5:19  Marine, Engineering Bay  
  73  5:20  Supply Depot, SCV  
  75  5:23  Marine, SCV  
  75  5:26  Siege Tank  
  80  5:32  Barracks Tech Lab, SCV  
  80  5:35  SCV  
  82  5:37  Marine  
  82  5:41  Marine  
  81  5:44  Barracks  
  81  5:45  Barracks, SCV  
  81  5:47  SCV  
  75  5:54  Stimpack  
  75  5:55  Marine x3  
  66  5:58  Supply Depot, Siege Tank  
  66  5:59  Refinery  
  66  6:03  SCV x2  
  71  6:06  Marine, Terran Infantry Weapons Level 1  
  71  6:07  Supply Depot  
  72  6:13  Marine  
  72  6:18  Marine  
  75  6:22  SCV x2  
  75  6:23  Barracks Tech Lab  
  75  6:24  Marine  
  77  6:29  Supply Depot  
  77  6:31  Marine  
  77  6:32  Marine x2, Starport Reactor, Factory Tech Lab  
  79  6:35  Marine  
  79  6:36  Supply Depot  
  81  6:42  Marine  
  81  6:45  Marine  
  81  6:46  Combat Shield  
  83  6:49  Marine  
  83  6:50  Marine x2  
  83  6:51  Siege Tank  
  83  6:53  Supply Depot, Marine  
  90  7:00  Marine  
  91  7:03  Marine  
  91  7:04  Supply Depot  
  91  7:07  Marine  
  91  7:08  Marine x2  
  94  7:10  Medivac x2  
  94  7:13  Marine  
  94  7:14  Supply Depot  
  100  7:18  Marine  
  100  7:21  Marine  
  102  7:23  Siege Tank  
  102  7:24  Marine  
  102  7:26  Marine x2  
  102  7:28  Supply Depot  
  108  7:31  Marine  
  108  7:35  Marine  
  110  7:38  Marine  
  110  7:40  Medivac  
  110  7:42  Marine, Medivac  
  110  7:43  Marine  
  110  7:44  Marine  
  117  7:49  Marine  
  119  7:53  Marine  
  119  7:55  Siege Tank  
  119  7:56  Marine  
  118  8:00  Marine  
  118  8:01  Marine x2  
  118  8:06  Marine  
  118  8:11  Marine  
  93  8:14  Marine  
  93  8:18  Marine  
  93  8:19  Marine x2  
  94  8:20  Viking x2  
  94  8:24  Marine  
  99  8:29  Marine  
  99  8:32  Marine, Siege Tank  
  102  8:36  Marine  
  102  8:37  Marine x2  
  100  8:50  Medivac  
  103  8:58  Bunker  
  103  9:00  Marine x2  
Tags
 
Add a new tag
Caveats
  • Supply blocks, unpowered buildings, or Contaminate may cause inaccurate times.
  • Supply counts are checked every 10 seconds.